 Dungeon Crawl Stone Soup version 0.29.1-2-gbd0b4ee654 (webtiles) character file.

Game seed: 8768406708340161034

322 veneficus the Trooper (level 6, -5/58 HPs)
             Began as a Minotaur Berserker on Nov 5, 2022.
             Was a Believer of Trog.
             Succumbed to a scorpion's poison
             ... on level 4 of the Dungeon.
             The game lasted 00:09:08 (3468 turns).

veneficus the Trooper (Minotaur Berserker)          Turns: 3468, Time: 00:09:08

Health: -5/58      AC:  4    Str: 24    XL:     6   Next: 22%
Magic:  5/5        EV: 11    Int:  4    God:    Trog [**....]
Gold:   203        SH:  0    Dex:  9    Spells: 5/5 levels left

rFire   + + .      SeeInvis .   a - +0 falchion
rCold   . . .      Faith    .   (no shield)
rNeg    . . .      Spirit   .   v - +0 leather armour "Yxejy" {-Tele rElec rF++}
rPois   .          Reflect  .   (helmet restricted)
rElec   +          Harm     .   B - +0 cloak
rCorr   .          Rampage  .   (no gloves)
Will    ++...      NoTele   +   (no boots)
Stlth   +.........              (no amulet)
HPRegen 1.19/turn               (no ring)
MPRegen 0.09/turn               (no ring)

@: lethally poisoned (-5 -> -26), strong-willed, regenerating
A: horns 2, retaliatory headbutt
a: Renounce Religion, Berserk, Trog's Hand


You were on level 4 of the Dungeon.
You worshipped Trog.
Trog was pleased with you.
You visited 1 branch of the dungeon, and saw 4 of its levels.

You collected 203 gold pieces.

Inventory:

Hand Weapons
 a - a +0 falchion (weapon)
Armour
 b - a +0 animal skin
 i - a +0 leather armour
 s - an orb of light
 u - a +0 ring mail
 v - the +0 leather armour "Yxejy" (worn) {-Tele rElec rF++}
   (You found it on level 3 of the Dungeon)

   rF:        It greatly protects you from fire.
   rElec:     It insulates you from electricity.
   -Tele:     It prevents most forms of teleportation.
 B - a +0 cloak (worn)
Jewellery
 n - a +6 ring of dexterity
 x - a +6 ring of intelligence
Scrolls
 d - a scroll of vulnerability
 e - a scroll of amnesia
 g - a scroll of noise {unknown}
 j - a scroll of torment {unknown}
 l - a scroll of teleportation {unknown}
 m - 2 scrolls of immolation {unknown}
 p - a scroll of blinking {unknown}
 q - a scroll of brand weapon {unknown}
 r - a scroll of enchant weapon {unknown}
 y - a scroll of identify {unknown}
 z - a scroll of fear {unknown}
Potions
 c - a potion of berserk rage {unknown}
 f - a potion of haste {unknown}
 h - a potion of might {unknown}
 k - 3 potions of curing {unknown}
 o - a potion of degeneration {unknown}
 t - a potion of heal wounds {unknown}
 w - a potion of attraction {unknown}
 A - a potion of mutation {unknown}


   Skills:
 - Level 6.6 Fighting
 + Level 6.4 Long Blades
 - Level 2.4 Armour
 - Level 2.1 Dodging


You had 5 spell levels left.
You didn't know any spells.
Your spell library was empty.

Dungeon Overview and Level Annotations

Branches:
Dungeon (4/15)
 Temple: D:4-7

Altars:

Shops:
D:2 !*[[


Innate Abilities, Weirdness & Mutations

You have a pair of horns on your head.
You reflexively headbutt those who attack you in melee.


Message History

You headbutt the bat.
You kill the bat!
Trog accepts your kill. The adder bites you but does no damage.
The gnoll barely misses you.
You miss the adder. The adder bites you but does no damage.
The gnoll barely misses you. The scorpion barely misses you.
You hit the adder but do no damage. Your headbutt misses the adder.
The adder misses you. The scorpion stings you.
You are poisoned.
The scorpion poisons you!
The gnoll hits you from afar with a +0 spear!
You miss the adder. You headbutt the adder.
The adder is heavily wounded.
You feel very sick. The adder closely misses you. The scorpion stings you.
You are more poisoned.
The scorpion poisons you! The adder bites you but does no damage.
The gnoll hits you from afar with a +0 spear.
You feel very sick.
The scorpion evades a web.
You closely miss the scorpion. Your headbutt misses the scorpion.
You feel very sick. The scorpion stings you.
* * * LOW HITPOINT WARNING * * *
You are lethally poisoned!
The scorpion poisons you!
Your skin crawls.
You feel strong-willed.
* * * LOW HITPOINT WARNING * * *
You feel very sick. The scorpion stings you.
* * * LOW HITPOINT WARNING * * *
A scorpion comes into view.
The scorpion stings you.
* * * LOW HITPOINT WARNING * * *
You are more poisoned.
The scorpion poisons you!
You hit the scorpion.
The scorpion is lightly wounded.
You die...

.....#..#.##......'..#.#
........#.##......##.#.#
........#.##......##.#.#
........#.####.........#
#####.....####.#####.###.#
............##.# #......#
.#####......'..# ##.######
#......######^^#
###########@.^## #Ss####
#gS## #.sg# .)...b P...s
.^..# ^P.^ ..#


You could see 3 scorpions, 2 gnolls, 2 adders and a bat.

Vanquished Creatures
  2 scorpions (D:4)
  2 hounds (D:4)
  Jessica (D:2)
  4 adders
  An ufetubus (D:3)
  A worm (D:2)
  9 orcs (D:3)
  6 ball pythons
  8 bats
  2 endoplasms
  2 giant cockroaches (D:2)
  3 goblins
  8 hobgoblins
  A quokka (D:2)
  3 frilled lizards
  3 kobolds
  9 rats
65 creatures vanquished.

Vanquished Creatures (others)
  7 fungi (D:4)
7 creatures vanquished.

Grand Total: 72 creatures vanquished

Notes
Turn   | Place    | Note
-------+----------+-------------------------------------------
     0 | D:1      | veneficus the Minotaur Berserker began the quest for the
                  | Orb.
     0 | D:1      | Reached XP level 1. HP: 19/19 MP: 0/0
   167 | D:1      | Found a faded altar of an unknown god.
   294 | D:1      | Reached XP level 2. HP: 17/28 MP: 1/1
  1272 | D:2      | Found Kiewn's Distillery.
  1300 | D:2      | Reached skill level 5 in Fighting
  1498 | D:2      | Reached XP level 3. HP: 30/36 MP: 2/2
  1640 | D:2      | Noticed Jessica
  1645 | D:2      | Killed Jessica
  1691 | D:2      | Found Aroby Borch's Antique Armour Boutique.
  1726 | D:2      | Found Antidexoa's Assorted Antiques.
  1867 | D:2      | Found Fatwegiff's Armour Shoppe.
  1901 | D:2      | Reached XP level 4. HP: 35/44 MP: 3/3
  2145 | D:3      | Reached ** piety under Trog
  2834 | D:3      | Identified the +0 leather armour "Yxejy" {-Tele rElec rF++}
  3000 | D:4      | Reached XP level 5. HP: 45/51 MP: 4/4
  3234 | D:4      | Reached skill level 5 in Long Blades
  3448 | D:4      | Reached XP level 6. HP: 56/58 MP: 5/5
  3467 | D:4      | HP: 1/58 [scorpion (4)]
  3468 | D:4      | Succumbed to a scorpion's poison

Illustrated notes

Levels and vault maps discovered:
D:1:      dpeg_arrival_boxorama, layout_loops_ring,
          ebering_ecumenical_altar_rust
D:2:      layout_loops_ring, serial_shops, shop, nicolae_shop_behind_doors,
          shop, shop, amcnicky_mini_rare_corridor_liquid,
          nicolae_concentric_dashed_squares_mild, uniq_jessica
D:3:      layout_loops_ring, kennysheep_decorative_pillar, corexii_shack,
          minmay_misc_feat_plants
D:4:      old_forge, layout_basic

Skill      XL: |  1  2  3  4  5 |
---------------+----------------+-----
Fighting       | 4 5 6 |  6.6
Long Blades    | 4 6 |  6.4
Armour         | |  2.4
Dodging        | |  2.1

Action                   |  1- 3 |  4- 6 || total
-------------------------+-------+-------++-------
Melee: Falchion          |    64 |    85 ||   149
       Headbutt          |     8 |    13 ||    21
       Punch             |       |     3 ||     3
Invok: Berserk           |       |     2 ||     2
       Trog's Hand       |       |     2 ||     2
  Use: Scroll            |       |     2 ||     2
 Stab: Distracted        |     1 |       ||     1
Armor: Leather armour    |    18 |    17 ||    35
       Ring mail         |       |     6 ||     6
Dodge: Dodged            |    28 |    60 ||    88
